[Event "FICS rated blitz game"]
[Site "FICS freechess.org"]
[FICSGamesDBGameNo "20003351"]
[White "Heim"]
[Black "cattleman"]
[WhiteElo "1394"]
[BlackElo "1444"]
[WhiteRD "na"]
[BlackRD "na"]
[TimeControl "300+0"]
[Date "1999.10.31"]
[Time "13:34:00"]
[WhiteClock "0:05:00.000"]
[BlackClock "0:05:00.000"]
[ECO "A02"]
[PlyCount "81"]
[Result "1-0"]

1. f4 e5 2. fxe5 d6 3. d3 dxe5 4. e4 Nf6 5. Nf3 Nc6 6. Bg5 Be7 7. Be2 O-O 8. O-O Qe8 9. Bxf6 Bxf6 10. Nbd2 Qe7 11. a3 g6 12. Qe1 Bg7 13. Qf2 f5 14. exf5 Bxf5 15. Qg3 Rad8 16. Nh4 Nd4 17. Bd1 Qc5 18. Kh1 Nxc2 19. Bxc2 Qxc2 20. Nxf5 gxf5 21. Nf3 Rxd3 22. Qf2 Qxf2 23. Rxf2 e4 24. Nh4 f4 25. Raf1 Bh6 26. h3 e3 27. Re2 Rd2 28. Rfe1 Rxe2 29. Rxe2 Rd8 30. Nf5 Rd1+ 31. Kh2 Bg5 32. h4 Bf6 33. Kh3 Rd2 34. Re1 Rxb2 35. Kg4 Rxg2+ 36. Kf3 Rf2+ 37. Ke4 Kf7 38. Nh6+ Kg6 39. Ng4 Rg2 40. Nxf6 Kxf6 41. Kxf4 {Black forfeits on time} 1-0

[Event "FICS rated lightning game"]
[Site "FICS freechess.org"]
[FICSGamesDBGameNo "20003350"]
[White "joma"]
[Black "ojs"]
[WhiteElo "1673"]
[BlackElo "1700"]
[WhiteRD "na"]
[BlackRD "na"]
[TimeControl "120+0"]
[Date "1999.10.31"]
[Time "13:31:00"]
[WhiteClock "0:02:00.000"]
[BlackClock "0:02:00.000"]
[ECO "B56"]
[PlyCount "68"]
[Result "0-1"]

1. e4 c5 2. Nf3 Nc6 3. d4 cxd4 4. Nxd4 Nf6 5. Nc3 d6 6. Be3 e5 7. Nb3 Be6 8. Be2 a6 9. O-O Be7 10. f4 exf4 11. Bxf4 O-O 12. Bf3 Qc7 13. h3 Rfd8 14. Qe2 Ne5 15. Rad1 Rac8 16. Kh2 Nxf3+ 17. Qxf3 b5 18. a3 Qc6 19. Qg3 Nh5 20. Qf3 Nxf4 21. Qxf4 d5 22. e5 f6 23. Kh1 fxe5 24. Qxe5 Bf6 25. Rxf6 gxf6 26. Qxf6 Bf7 27. Qg5+ Qg6 28. Qf4 d4 29. Ne4 Rxc2 30. Nf6+ Kh8 31. Ng4 h5 32. Nf2 d3 33. Rf1 Bxb3 34. Ne4 Qxg2# {White checkmated} 0-1

[Event "FICS rated blitz game"]
[Site "FICS freechess.org"]
[FICSGamesDBGameNo "20003349"]
[White "paokara"]
[Black "Machete"]
[WhiteElo "1488"]
[BlackElo "1472"]
[WhiteRD "na"]
[BlackRD "na"]
[TimeControl "300+0"]
[Date "1999.10.31"]
[Time "13:30:00"]
[WhiteClock "0:05:00.000"]
[BlackClock "0:05:00.000"]
[ECO "C00"]
[PlyCount "63"]
[Result "1-0"]

1. e4 e6 2. Nf3 h6 3. c4 g5 4. d4 Bg7 5. e5 c5 6. Be3 Qb6 7. Qc2 cxd4 8. Bxd4 Qc7 9. h3 Nc6 10. Bc3 Nxe5 11. Be2 Ne7 12. O-O O-O 13. Nxe5 Bxe5 14. Bxe5 Qxe5 15. Nc3 b6 16. Rae1 Qg7 17. Bf3 Rb8 18. b3 Nc6 19. Ne4 Nd4 20. Qd3 Nxf3+ 21. Qxf3 Bb7 22. Nf6+ Kh8 23. Qc3 Rfd8 24. Re3 d5 25. cxd5 exd5 26. Nh5 Qxc3 27. Rxc3 d4 28. Rc7 d3 29. Rxf7 d2 30. Nf6 Be4 31. Nxe4 Rbc8 32. Nf6 {Black forfeits on time} 1-0

[Event "FICS rated blitz game"]
[Site "FICS freechess.org"]
[FICSGamesDBGameNo "20003348"]
[White "OOven"]
[Black "PoindexterIII"]
[WhiteElo "1746"]
[BlackElo "1722"]
[WhiteRD "na"]
[BlackRD "na"]
[TimeControl "300+0"]
[Date "1999.10.31"]
[Time "13:09:00"]
[WhiteClock "0:05:00.000"]
[BlackClock "0:05:00.000"]
[ECO "C00"]
[PlyCount "139"]
[Result "1-0"]

1. e4 e6 2. Nf3 d5 3. Nc3 d4 4. Ne2 c5 5. d3 Nc6 6. g3 e5 7. Bg2 Qc7 8. O-O Nf6 9. h3 Be7 10. Nh2 h6 11. f4 O-O 12. Nf3 Bd6 13. f5 Nh7 14. g4 f6 15. Qe1 Bd7 16. Qh4 Be8 17. Qg3 Nb4 18. Ne1 c4 19. a3 cxd3 20. cxd3 Nc2 21. Nxc2 Qxc2 22. Bf3 Qxd3 23. h4 Qc4 24. g5 hxg5 25. hxg5 fxg5 26. Bxg5 Nxg5 27. Qxg5 Qf7 28. Kg2 Qf6 29. Qg4 Be7 30. Ng3 Qh4 31. Rh1 Qxg4 32. Bxg4 Bf6 33. Rh3 Rc8 34. Rf1 Bb5 35. Rf2 d3 36. Nf1 Rfd8 37. Nd2 Rc2 38. b3 Ra2 39. a4 Rc8 40. Kf3 Bd7 41. Rhh2 Rcc2 42. Nc4 Rxf2+ 43. Rxf2 Rxf2+ 44. Kxf2 a6 45. Ke3 b5 46. axb5 axb5 47. Nb6 Bg5+ 48. Kxd3 Bf4 49. Nxd7 Kf7 50. Kc3 g6 51. Kb4 gxf5 52. Bxf5 Kg7 53. Kxb5 Kh6 54. Kc5 Kg5 55. b4 Kh4 56. b5 Kg3 57. b6 Be3+ 58. Kc6 Bxb6 59. Nxb6 Kf4 60. Kd5 Ke3 61. Kxe5 Kd3 62. Kd5 Kc3 63. e5 Kb4 64. e6 Kb5 65. e7 Kxb6 66. e8=Q Kc7 67. Kc5 Kb7 68. Qd7+ Ka6 69. Qh7 Ka5 70. Qa7# {Black checkmated} 1-0

[Event "FICS rated blitz game"]
[Site "FICS freechess.org"]
[FICSGamesDBGameNo "20003346"]
[White "PoindexterIII"]
[Black "Galuel"]
[WhiteElo "1722"]
[BlackElo "1925"]
[WhiteRD "na"]
[BlackRD "na"]
[TimeControl "180+0"]
[Date "1999.10.31"]
[Time "12:58:00"]
[WhiteClock "0:03:00.000"]
[BlackClock "0:03:00.000"]
[ECO "A48"]
[PlyCount "74"]
[Result "0-1"]

1. d4 Nf6 2. Nf3 g6 3. Bg5 Bg7 4. Nbd2 O-O 5. e4 d6 6. Bc4 c6 7. O-O b5 8. Bb3 Qc7 9. c3 Nbd7 10. Re1 e5 11. Nf1 h6 12. Bh4 c5 13. dxe5 dxe5 14. Bd5 Bb7 15. Bxb7 Qxb7 16. Qe2 Rfe8 17. Rad1 a6 18. h3 Nh5 19. Bg3 Nxg3 20. Nxg3 Nf8 21. Rd5 Ne6 22. Red1 Nf4 23. Qc2 Nxd5 24. Rxd5 c4 25. Qd1 Qe7 26. Rd7 Qf6 27. Rd6 Qf4 28. Qd5 Bf8 29. Rd7 Qf6 30. Ne2 Rad8 31. Rxd8 Rxd8 32. Qb7 Bc5 33. Ng3 Qf4 34. Kh2 Bxf2 35. Qe7 Bxg3+ 36. Kg1 Rd1+ 37. Ne1 Rxe1# {White checkmated} 0-1

[Event "FICS rated blitz game"]
[Site "FICS freechess.org"]
[FICSGamesDBGameNo "20003345"]
[White "Trump"]
[Black "Turkishmaster"]
[WhiteElo "1778"]
[BlackElo "1677"]
[WhiteRD "na"]
[BlackRD "na"]
[TimeControl "180+0"]
[Date "1999.10.31"]
[Time "12:47:00"]
[WhiteClock "0:03:00.000"]
[BlackClock "0:03:00.000"]
[ECO "D52"]
[PlyCount "133"]
[Result "1-0"]

1. d4 e6 2. c4 d5 3. Nc3 Nf6 4. Nf3 c6 5. Bg5 Nbd7 6. e3 Qa5 7. Bxf6 Nxf6 8. Nd2 Bb4 9. Qc2 Ne4 10. Ncxe4 dxe4 11. a3 Bxd2+ 12. Qxd2 Qxd2+ 13. Kxd2 f5 14. Be2 O-O 15. b4 b6 16. Rhd1 Bb7 17. g3 Rad8 18. Ke1 Rf6 19. Rac1 Rh6 20. h4 g5 21. hxg5 Rh1+ 22. Kd2 Rh2 23. Ke1 Rh1+ 24. Bf1 e5 25. dxe5 Rxd1+ 26. Rxd1 Kf8 27. Kd2 Rh5 28. Be2 Rxg5 29. Rh1 Kg7 30. Kc3 Rg6 31. c5 Re6 32. Kd4 Re8 33. g4 Rd8+ 34. Kc3 Rf8 35. gxf5 Rxf5 36. Rh2 Rxe5 37. Kd4 Re8 38. Bg4 Ba6 39. Bf5 h6 40. Bxe4 Rd8+ 41. Kc3 Bb7 42. Rh5 Re8 43. Bg2 Rf8 44. f4 Kg6 45. Re5 Rd8 46. Bxc6 Bxc6 47. Re6+ Kf5 48. Rxc6 bxc5 49. Rxc5+ Ke4 50. Re5+ Kf3 51. b5 Rc8+ 52. Kb4 Rb8 53. a4 a6 54. Ka5 axb5 55. axb5 Kg4 56. b6 h5 57. Ka6 Ra8+ 58. Kb7 Ra3 59. Kc6 Rc3+ 60. Rc5 Rb3 61. b7 h4 62. Rb5 h3 63. Rxb3 Kg3 64. b8=Q Kg2 65. Qg8+ Kh1 66. Rb1+ Kh2 67. Qg1# {Black checkmated} 1-0

[Event "FICS rated blitz game"]
[Site "FICS freechess.org"]
[FICSGamesDBGameNo "20003344"]
[White "pseudoRandom"]
[Black "PIRSQ"]
[WhiteElo "1831"]
[BlackElo "1789"]
[WhiteRD "na"]
[BlackRD "na"]
[TimeControl "300+0"]
[Date "1999.10.31"]
[Time "11:47:00"]
[WhiteClock "0:05:00.000"]
[BlackClock "0:05:00.000"]
[ECO "C01"]
[PlyCount "111"]
[Result "1-0"]

1. e4 e6 2. d4 d5 3. exd5 exd5 4. Bd3 Bd6 5. Ne2 Ne7 6. O-O O-O 7. Bf4 Bf5 8. c3 c6 9. Bxd6 Qxd6 10. Ng3 Bxd3 11. Qxd3 Nd7 12. Nd2 Nf6 13. Rae1 Rfe8 14. Re5 Ng6 15. Rxe8+ Rxe8 16. Nf3 Ne4 17. Re1 Nf4 18. Qd1 Qg6 19. Ne5 Qg5 20. Qf3 f6 21. Nd3 Nxd3 22. Qxd3 Qf4 23. f3 Nd6 24. Rxe8+ Nxe8 25. Ne2 Qd6 26. Qe3 Kf7 27. Qf4 Qxf4 28. Nxf4 Nd6 29. Kf2 Nc4 30. Nd3 Ke6 31. b3 Na5 32. b4 Nc4 33. Nc5+ Kd6 34. Nxb7+ Kc7 35. Nc5 a5 36. Ne6+ Kb6 37. bxa5+ Kxa5 38. Nxg7 Ka4 39. Nf5 Ka3 40. Ne7 Na5 41. Ke3 Kxa2 42. Ng8 Kb3 43. Kd3 Nc4 44. Nxf6 Nb2+ 45. Ke3 Kxc3 46. Nxh7 Nc4+ 47. Ke2 Kxd4 48. Ng5 Ne5 49. f4 Ng4 50. h3 Ne3 51. g3 c5 52. Ne6+ Kc3 53. Kxe3 d4+ 54. Ke2 c4 55. Nxd4 Kxd4 56. Kd2 {Black resigns} 1-0

[Event "FICS rated standard game"]
[Site "FICS freechess.org"]
[FICSGamesDBGameNo "20003343"]
[White "chicagoslim"]
[Black "boxy"]
[WhiteElo "1513"]
[BlackElo "1680"]
[WhiteRD "na"]
[BlackRD "na"]
[TimeControl "900+15"]
[Date "1999.10.31"]
[Time "11:22:00"]
[WhiteClock "0:15:00.000"]
[BlackClock "0:15:00.000"]
[ECO "B21"]
[PlyCount "102"]
[Result "1/2-1/2"]

1. e4 c5 2. d4 cxd4 3. c3 dxc3 4. Nxc3 Nc6 5. Nf3 d6 6. Bc4 e6 7. O-O Nf6 8. Qe2 Be7 9. Rd1 Qb6 10. Bf4 Na5 11. Bd3 O-O 12. Rac1 Bd7 13. e5 dxe5 14. Bxe5 Nc6 15. Bxf6 Bxf6 16. Bxh7+ Kxh7 17. Rxd7 Nd4 18. Nxd4 Bxd4 19. Qd3+ Kg8 20. Rxd4 Qxb2 21. Rb1 Qa3 22. Rh4 g6 23. Qd4 f6 24. Qd7 Rf7 25. Qxe6 Qxc3 26. Rc4 Qd3 27. Rbc1 Rd8 28. Rc8 Qd7 29. Qc4 Rxc8 30. Qxc8+ Qxc8 31. Rxc8+ Kg7 32. Rc4 Re7 33. h4 Kf7 34. a4 Ke6 35. g4 Kd5 36. Rf4 Re4 37. Rxe4 Kxe4 38. Kg2 Kf4 39. Kh3 a6 40. a5 f5 41. gxf5 Kxf5 42. Kg3 Kf6 43. f4 Kf5 44. Kf3 Kf6 45. Kg4 Kf7 46. Kg5 Kg7 47. h5 gxh5 48. Kxh5 Kf6 49. Kg4 Kg6 50. Kf3 Kf5 51. Ke3 Kf6 {Game drawn by mutual agreement} 1/2-1/2

[Event "FICS rated blitz game"]
[Site "FICS freechess.org"]
[FICSGamesDBGameNo "20003342"]
[White "Ruiz"]
[Black "Brinkonov"]
[WhiteElo "1121"]
[BlackElo "1024"]
[WhiteRD "na"]
[BlackRD "na"]
[TimeControl "120+12"]
[Date "1999.10.31"]
[Time "11:08:00"]
[WhiteClock "0:02:00.000"]
[BlackClock "0:02:00.000"]
[ECO "B32"]
[PlyCount "59"]
[Result "1-0"]

1. e4 c5 2. Nf3 Nc6 3. d4 cxd4 4. Nxd4 Nxd4 5. Qxd4 d6 6. Nc3 Nf6 7. Bb5+ Bd7 8. Bxd7+ Qxd7 9. O-O e5 10. Qc4 Be7 11. Nd5 Nxd5 12. Qxd5 O-O 13. f4 Bf6 14. f5 Rac8 15. Qd3 Rfd8 16. Bd2 Qc6 17. c3 d5 18. Qg3 dxe4 19. Bh6 Rd3 20. Qg4 e3 21. Rad1 Rxd1 22. Rxd1 Qc5 23. Kh1 Qc6 24. Bxe3 h6 25. Bxh6 Kf8 26. Bg5 Bxg5 27. Qxg5 f6 28. Qg6 Qb6 29. Rd7 Kg8 30. Qxg7# {Black checkmated} 1-0

[Event "FICS rated blitz game"]
[Site "FICS freechess.org"]
[FICSGamesDBGameNo "20003341"]
[White "Tyrant"]
[Black "agkazama"]
[WhiteElo "1139"]
[BlackElo "1310"]
[WhiteRD "na"]
[BlackRD "na"]
[TimeControl "120+12"]
[Date "1999.10.31"]
[Time "10:50:00"]
[WhiteClock "0:02:00.000"]
[BlackClock "0:02:00.000"]
[ECO "A05"]
[PlyCount "161"]
[Result "1-0"]

1. Nf3 Nf6 2. g3 g6 3. Bg2 Bg7 4. O-O O-O 5. d3 c5 6. e4 d5 7. Nbd2 d4 8. a4 a6 9. b3 Nc6 10. Ba3 Bd7 11. Bxc5 b6 12. Ba3 a5 13. Nc4 Rb8 14. Rc1 Nb4 15. Nxd4 Na2 16. Rb1 Nc3 17. Qd2 Nxb1 18. Rxb1 Re8 19. Ne2 Bg4 20. Nf4 e5 21. Ne2 Bxe2 22. Qxe2 Nd7 23. Bh3 Nc5 24. Qe3 Qc7 25. Rd1 h6 26. Bxc5 bxc5 27. Qd2 Ra8 28. Qe3 Bf6 29. Qf3 Bg5 30. Qe2 Qb7 31. Qe1 Qc7 32. Qe2 Bd8 33. Qd2 Bg5 34. Qe2 Kg7 35. Qe1 Rf8 36. Qe2 h5 37. f3 Be7 38. Qe3 f6 39. Kg2 g5 40. Kf2 Rf7 41. Ke2 Raf8 42. Bf5 Bd8 43. Qd2 Qb8 44. Nxa5 Bxa5 45. Qxa5 Rc7 46. Qd2 Rd8 47. h4 Kh6 48. Rc1 Qa7 49. Qe1 Rg8 50. Qh1 gxh4 51. Qxh4 Rcg7 52. Qxf6+ Rg6 53. Bxg6 Rxg6 54. Qf8+ Rg7 55. Qd6+ Rg6 56. Qxe5 c4 57. Rh1 Rg5 58. Qe6+ Rg6 59. Qh3 cxd3+ 60. cxd3 Qc5 61. g4 Qc2+ 62. Ke3 Qc5+ 63. Kd2 Qf2+ 64. Kd1 Rg5 65. Qf1 Qd4 66. Rxh5+ Rxh5 67. gxh5 Qa1+ 68. Ke2 Qb2+ 69. Ke3 Qxb3 70. Qg2 Qb6+ 71. d4 Qb3+ 72. Kf4 Qf7+ 73. Ke3 Qb3+ 74. Kf2 Qc2+ 75. Kg1 Qd1+ 76. Qf1 Qxd4+ 77. Qf2 Qa1+ 78. Kg2 Qg7+ 79. Qg3 Qb2+ 80. Kh3 Qb6 81. Qg6+ {Black resigns} 1-0

[Event "FICS rated blitz game"]
[Site "FICS freechess.org"]
[FICSGamesDBGameNo "20003340"]
[White "locskai"]
[Black "DDillinger"]
[WhiteElo "1611"]
[BlackElo "1507"]
[WhiteRD "na"]
[BlackRD "na"]
[TimeControl "120+12"]
[Date "1999.10.31"]
[Time "10:49:00"]
[WhiteClock "0:02:00.000"]
[BlackClock "0:02:00.000"]
[ECO "A43"]
[PlyCount "84"]
[Result "0-1"]

1. d4 c5 2. dxc5 e6 3. Be3 Na6 4. Nf3 Nxc5 5. Bxc5 Bxc5 6. e3 Nf6 7. Bd3 Qb6 8. Qc1 a5 9. O-O O-O 10. c3 Ng4 11. Kh1 Nxf2+ 12. Rxf2 Bxe3 13. Rd2 Bxd2 14. Nbxd2 d5 15. Qc2 h6 16. Ne5 Qd6 17. Ndf3 b5 18. a3 Bb7 19. Rd1 b4 20. cxb4 axb4 21. axb4 Qxb4 22. h3 Rfc8 23. Qf2 Rc7 24. Ng4 Qa4 25. Nfe5 Qxd1+ 26. Kh2 Ra1 27. Ne3 Qh1+ 28. Kg3 d4 29. Nc2 Rg1 30. Nf3 Bxf3 31. Qxf3 g6 32. Nxd4 Rc5 33. Ne2 Rg5+ 34. Kf4 Rf1 35. Ng3 Rxf3+ 36. Kxf3 Qd1+ 37. Be2 Qd5+ 38. Kf2 h5 39. Bf3 Qd2+ 40. Ne2 Qxb2 41. g4 hxg4 42. hxg4 Qb6+ {White resigns} 0-1

[Event "FICS rated blitz game"]
[Site "FICS freechess.org"]
[FICSGamesDBGameNo "20003339"]
[White "TrailHiker"]
[Black "minorlexicon"]
[WhiteElo "1061"]
[BlackElo "1498"]
[WhiteRD "na"]
[BlackRD "na"]
[TimeControl "360+12"]
[Date "1999.10.31"]
[Time "10:35:00"]
[WhiteClock "0:06:00.000"]
[BlackClock "0:06:00.000"]
[ECO "A47"]
[PlyCount "46"]
[Result "0-1"]

1. d4 Nf6 2. e3 b6 3. Bd3 Bb7 4. Nf3 e6 5. O-O Be7 6. Re1 d5 7. c4 c6 8. e4 dxe4 9. Bxe4 Nxe4 10. Rxe4 O-O 11. h4 Nd7 12. h5 c5 13. d5 exd5 14. cxd5 Nf6 15. Rh4 Nxd5 16. h6 Bxh4 17. hxg7 Re8 18. Bh6 Qf6 19. Nxh4 Qxh4 20. Qd2 Nf6 21. Nc3 Ng4 22. Rd1 Qh2+ 23. Kf1 Qh1# {White checkmated} 0-1

[Event "FICS rated blitz game"]
[Site "FICS freechess.org"]
[FICSGamesDBGameNo "20003338"]
[White "stratta"]
[Black "rifki"]
[WhiteElo "1392"]
[BlackElo "1861"]
[WhiteRD "na"]
[BlackRD "na"]
[TimeControl "300+0"]
[Date "1999.10.31"]
[Time "09:52:00"]
[WhiteClock "0:05:00.000"]
[BlackClock "0:05:00.000"]
[ECO "B00"]
[PlyCount "96"]
[Result "0-1"]

1. e4 Nc6 2. d4 e5 3. d5 Nce7 4. Nf3 Ng6 5. Bd3 Bc5 6. O-O d6 7. c3 a5 8. Bg5 N8e7 9. Nbd2 O-O 10. Nb3 b6 11. Nxc5 bxc5 12. b3 Bg4 13. Be2 Bxf3 14. Bxf3 f6 15. Be3 f5 16. exf5 Nxf5 17. Qd2 Nfh4 18. Be4 Nf4 19. Bxf4 Rxf4 20. Qd3 Qg5 21. g3 Qg4 22. Bxh7+ Kh8 23. Be4 Rxe4 24. f3 Nxf3+ 25. Rxf3 Rf4 26. Rxf4 exf4 27. Kg2 Rf8 28. Rf1 g5 29. h3 Qh5 30. Qf3 Qg6 31. Kh2 fxg3+ 32. Kxg3 Rxf3+ 33. Rxf3 Qc2 34. Kg4 Qe2 35. c4 Kg7 36. Kg3 Kg6 37. Rf2 Qe1 38. Kg2 Kh5 39. Rf7 Qe2+ 40. Rf2 Qe4+ 41. Kf1 Kh4 42. Rf7 Qb1+ 43. Kg2 Qxa2+ 44. Rf2 Qxb3 45. Rf3 Qxc4 46. Rg3 Qxd5+ 47. Kf2 Qd2+ 48. Kf3 Qd3+ {White forfeits on time} 0-1

[Event "FICS rated blitz game"]
[Site "FICS freechess.org"]
[FICSGamesDBGameNo "20003335"]
[White "Loig"]
[Black "corea"]
[WhiteElo "1295"]
[BlackElo "1258"]
[WhiteRD "na"]
[BlackRD "na"]
[TimeControl "300+0"]
[Date "1999.10.31"]
[Time "09:28:00"]
[WhiteClock "0:05:00.000"]
[BlackClock "0:05:00.000"]
[ECO "C47"]
[PlyCount "68"]
[Result "1-0"]

1. e4 e5 2. Nf3 Nc6 3. d4 exd4 4. Nxd4 Nf6 5. Nc3 Bb4 6. Bc4 O-O 7. Qf3 Ne5 8. Qe2 Nxc4 9. Qxc4 Bxc3+ 10. bxc3 Nxe4 11. O-O d5 12. Qd3 Qf6 13. Be3 Re8 14. Rfe1 Nc5 15. Qd2 b6 16. Nf3 Bb7 17. Bd4 Rxe1+ 18. Rxe1 Qc6 19. Qf4 Ne6 20. Qf5 Nxd4 21. cxd4 Re8 22. Rxe8+ Qxe8 23. Qe5 Qxe5 24. Nxe5 Kf8 25. f4 Ke7 26. c3 f6 27. Nf3 c5 28. g4 cxd4 29. cxd4 a6 30. h4 b5 31. g5 f5 32. h5 h6 33. gxh6 gxh6 34. Nh4 Kf6 {Black forfeits on time} 1-0

[Event "FICS rated blitz game"]
[Site "FICS freechess.org"]
[FICSGamesDBGameNo "20003334"]
[White "ChickDuck"]
[Black "sno"]
[WhiteElo "1225"]
[BlackElo "1668"]
[WhiteRD "na"]
[BlackRD "na"]
[TimeControl "180+0"]
[Date "1999.10.31"]
[Time "08:51:00"]
[WhiteClock "0:03:00.000"]
[BlackClock "0:03:00.000"]
[ECO "C42"]
[PlyCount "50"]
[Result "0-1"]

1. e4 e5 2. Nf3 Nf6 3. Bc4 d6 4. O-O Be7 5. d3 O-O 6. Nbd2 Bg4 7. h3 Bh5 8. b3 Nc6 9. Ba3 Na5 10. Qe2 Nxc4 11. bxc4 Qd7 12. Rab1 c6 13. d4 a6 14. dxe5 dxe5 15. Nxe5 Bxe2 16. Rfe1 Qxd2 17. Bxe7 Rfe8 18. Bb4 Nxe4 19. Bxd2 Nxd2 20. Rxe2 Nxb1 21. f4 f6 22. Re1 Na3 23. Re3 Nxc2 24. Rc3 Nd4 25. Nd7 Ne2+ {White resigns} 0-1

[Event "FICS rated blitz game"]
[Site "FICS freechess.org"]
[FICSGamesDBGameNo "20003333"]
[White "diverdan"]
[Black "Arthurk"]
[WhiteElo "1101"]
[BlackElo "1342"]
[WhiteRD "na"]
[BlackRD "na"]
[TimeControl "300+12"]
[Date "1999.10.31"]
[Time "08:44:00"]
[WhiteClock "0:05:00.000"]
[BlackClock "0:05:00.000"]
[ECO "B01"]
[PlyCount "47"]
[Result "1-0"]

1. e4 d5 2. f3 Nf6 3. d4 h6 4. e5 Nfd7 5. c4 Nc6 6. cxd5 e6 7. dxc6 Nb6 8. Bb5 bxc6 9. Bxc6+ Bd7 10. Bxa8 Nxa8 11. Nc3 Bb4 12. Ne2 Nb6 13. O-O Ba4 14. b3 Kd7 15. bxa4 Nc4 16. d5 Ke8 17. dxe6 Qxd1 18. Nxd1 fxe6 19. Rb1 c5 20. Nf4 Ke7 21. Ng6+ Kf7 22. Nxh8+ Kg8 23. Ng6 Nxe5 24. Nxe5 {Black resigns} 1-0

[Event "FICS rated blitz game"]
[Site "FICS freechess.org"]
[FICSGamesDBGameNo "20003332"]
[White "Alekk"]
[Black "Sheridan"]
[WhiteElo "1217"]
[BlackElo "1379"]
[WhiteRD "na"]
[BlackRD "na"]
[TimeControl "300+12"]
[Date "1999.10.31"]
[Time "08:20:00"]
[WhiteClock "0:05:00.000"]
[BlackClock "0:05:00.000"]
[ECO "B87"]
[PlyCount "34"]
[Result "0-1"]

1. e4 c5 2. Nf3 d6 3. Nc3 Nf6 4. d4 cxd4 5. Nxd4 a6 6. Bc4 e6 7. O-O b5 8. Bb3 Be7 9. f4 b4 10. e5 bxc3 11. exf6 gxf6 12. bxc3 f5 13. Bb2 Bb7 14. Qh5 Rg8 15. Bxe6 Rxg2+ 16. Kh1 Rg5+ 17. Rf3 Rxh5 {White resigns} 0-1

[Event "FICS rated blitz game"]
[Site "FICS freechess.org"]
[FICSGamesDBGameNo "20003331"]
[White "nonspiego"]
[Black "pep"]
[WhiteElo "2112"]
[BlackElo "1950"]
[WhiteRD "na"]
[BlackRD "na"]
[TimeControl "240+0"]
[Date "1999.10.31"]
[Time "07:41:00"]
[WhiteClock "0:04:00.000"]
[BlackClock "0:04:00.000"]
[ECO "B00"]
[PlyCount "69"]
[Result "1-0"]

1. d4 b6 2. e4 Bb7 3. Bd3 g6 4. c3 h6 5. Be3 Bg7 6. Nd2 e6 7. Ne2 d6 8. h4 Nd7 9. h5 g5 10. Qa4 Ne7 11. O-O-O a6 12. g3 c5 13. Rdf1 b5 14. Qd1 c4 15. Bc2 Qa5 16. a3 d5 17. f4 g4 18. f5 dxe4 19. fxe6 fxe6 20. Nxe4 Qc7 21. Nf4 Nf8 22. Qxg4 Rg8 23. Nxe6 Nxe6 24. Qxe6 Bd5 25. Qh3 Qc6 26. Qh4 Qe6 27. Kb1 Nf5 28. Rxf5 Kd7 29. Nc5+ Kd6 30. Bf4+ Kc6 31. Rxd5 Qxd5 32. Be4 Rae8 33. Bxd5+ Kxd5 34. Qh3 Re2 35. Qd7# {Black checkmated} 1-0

[Event "FICS rated blitz game"]
[Site "FICS freechess.org"]
[FICSGamesDBGameNo "20003330"]
[White "ChickDuck"]
[Black "Juliuus"]
[WhiteElo "1184"]
[BlackElo "1296"]
[WhiteRD "na"]
[BlackRD "na"]
[TimeControl "240+0"]
[Date "1999.10.31"]
[Time "07:24:00"]
[WhiteClock "0:04:00.000"]
[BlackClock "0:04:00.000"]
[ECO "C42"]
[PlyCount "25"]
[Result "1-0"]

1. e4 e5 2. Nf3 Nf6 3. Bc4 d5 4. exd5 e4 5. Ng5 Nxd5 6. Qh5 g6 7. Qh4 f5 8. O-O Be7 9. f4 exf3 10. Rxf3 Bxg5 11. Qd4 Rf8 12. Bxd5 Bf6 13. Re3+ {Black forfeits on time} 1-0

[Event "FICS rated blitz game"]
[Site "FICS freechess.org"]
[FICSGamesDBGameNo "20003328"]
[White "jadc"]
[Black "preben"]
[WhiteElo "1821"]
[BlackElo "1652"]
[WhiteRD "na"]
[BlackRD "na"]
[TimeControl "300+0"]
[Date "1999.10.31"]
[Time "07:09:00"]
[WhiteClock "0:05:00.000"]
[BlackClock "0:05:00.000"]
[ECO "D91"]
[PlyCount "45"]
[Result "1-0"]

1. d4 Nf6 2. Nf3 g6 3. c4 Bg7 4. Nc3 d5 5. Bg5 Ne4 6. Bh4 Nxc3 7. bxc3 c5 8. e3 O-O 9. Bd3 Nc6 10. O-O cxd4 11. cxd4 Bg4 12. h3 Bxf3 13. Qxf3 dxc4 14. Bxc4 Qd7 15. Rab1 e5 16. dxe5 Nxe5 17. Qe2 Nxc4 18. Qxc4 Rac8 19. Qb3 b6 20. Rfd1 Qf5 21. Qa4 Rc7 22. Rbc1 Rd7 23. Qxd7 {Black resigns} 1-0

[Event "FICS rated blitz game"]
[Site "FICS freechess.org"]
[FICSGamesDBGameNo "20003325"]
[White "glurk"]
[Black "JosephStorm"]
[WhiteElo "858"]
[BlackElo "1231"]
[WhiteRD "na"]
[BlackRD "na"]
[TimeControl "300+0"]
[Date "1999.10.31"]
[Time "05:22:00"]
[WhiteClock "0:05:00.000"]
[BlackClock "0:05:00.000"]
[ECO "C45"]
[PlyCount "106"]
[Result "1/2-1/2"]

1. e4 e5 2. Nf3 Nc6 3. d4 exd4 4. Nxd4 Nxd4 5. Qxd4 c5 6. Qc4 Nf6 7. Bg5 Be7 8. Bxf6 Bxf6 9. Qxc5 Bxb2 10. Bc4 Bxa1 11. c3 d6 12. Qe3 O-O 13. e5 Re8 14. O-O Rxe5 15. Qf3 d5 16. Bd3 Qc7 17. Bxh7+ Kxh7 18. Qd3+ Kg8 19. f4 Re8 20. Rf3 Bg4 21. Rg3 Re1+ 22. Kf2 Re2+ 23. Kf1 Qxf4+ 24. Rf3 Bxf3 25. Qxf3 Qxf3+ 26. gxf3 Rb2 27. Na3 Rxa2 28. Nb5 Bb2 29. Nd6 Ra1+ 30. Ke2 Bxc3 31. Nxb7 Rb8 32. Nc5 Rb2+ 33. Kd3 Bb4 34. Kd4 Bxc5+ 35. Kxc5 Rd2 36. Kd6 Rxh2 37. f4 Ra5 38. Ke5 Rh5+ 39. f5 Rh4 40. f6 gxf6+ 41. Kf5 d4+ 42. Kxf6 d3 43. Ke7 d2 44. Ke8 d1=Q 45. Ke7 Qe2+ 46. Kd8 Rh8 47. Kd7 Qe6+ 48. Kc7 Rc5+ 49. Kb7 Qc8+ 50. Kxa7 Ra5+ 51. Kb6 Qa6+ 52. Kc7 Qa7+ 53. Kd6 Qb6+ {Black ran out of time and White has no material to mate} 1/2-1/2

[Event "FICS rated blitz game"]
[Site "FICS freechess.org"]
[FICSGamesDBGameNo "20003324"]
[White "DWisdom"]
[Black "Machin"]
[WhiteElo "1587"]
[BlackElo "1388"]
[WhiteRD "na"]
[BlackRD "na"]
[TimeControl "180+1"]
[Date "1999.10.31"]
[Time "03:10:00"]
[WhiteClock "0:03:00.000"]
[BlackClock "0:03:00.000"]
[ECO "D06"]
[PlyCount "84"]
[Result "0-1"]

1. d4 d5 2. c4 Nf6 3. Nc3 Bf5 4. Bf4 e6 5. f3 c5 6. cxd5 Nxd5 7. e4 Nxc3 8. bxc3 Bg6 9. Bb5+ Nc6 10. d5 a6 11. Ba4 b5 12. Bxb5 axb5 13. dxc6 Qxd1+ 14. Rxd1 Rc8 15. Rb1 Rxc6 16. Rxb5 Bd6 17. Be3 O-O 18. Ne2 f5 19. Ng3 f4 20. Bxf4 Rxf4 21. O-O Rf8 22. a4 Bxg3 23. hxg3 Ra8 24. Ra1 Be8 25. a5 Rca6 26. Rxc5 Kf7 27. c4 Ke7 28. Rg5 g6 29. Rc5 Kd6 30. Rg5 Rc6 31. a6 Rxc4 32. a7 Rc7 33. Rga5 Bc6 34. g4 Bb7 35. Kf2 Rc5 36. R5a3 Kc7 37. Ke3 Rc2 38. g3 Rg2 39. Kf4 Rf8+ 40. Ke5 Rxg3 41. Kxe6 Rgxf3 42. Ra4 Re8# {White checkmated} 0-1